 Dungeon Crawl Stone Soup version 0.17.1-3-g152610e (webtiles) character file.

323097 fornasd the Hoplite (level 21, -1/180 HPs)
             Began as a Hill Orc Fighter on Feb 25, 2016.
             Was the Champion of Okawaru.
             Slain by a shadow dragon (7 damage)
             ... on level 5 of the Vaults on Feb 27, 2016.
             The game lasted 04:25:08 (41985 turns).

fornasd the Hoplite (Hill Orc Fighter)             Turns: 41985, Time: 04:25:08

Health: -1/180     AC: 38    Str: 32    XL:     21   Next: 93%
Magic:  29/29      EV:  8    Int:  8    God:    Okawaru [******]
Gold:   4429       SH: 21    Dex:  9    Spells: 1 memorised, 19 levels left

rFire  + + +     SeeInvis .     R - +5 broad axe of Sumerr {chop, rElec rC+ rN+++ Dex-5}
rCold  + + +     Clarity  .     w - +10 plate armour "Hoeskal" {+Inv rN+ Str-2}
rNeg   + + +     SustAt   .     E - +2 shield of Resistance {rF+ rC+ MR+}
rPois  +         Gourm    .     v - +0 hat "Zaipleu" {Regen+}
rElec  +         Spirit   .     o - +2 cloak {+Inv}
rCorr  +         Warding  .     S - +0 pair of gloves {Str+3}
rMut   .         Stasis   .     P - +0 pair of boots
MR     ++...                    B - amulet of resist corrosion
Stlth  ..........               X - ring of Goekh {Str+3 Dex+3}
                                y - ring of protection from fire

@: resistant, heroism, finesse, constricted, very resistant to hostile
enchantments, extremely unstealthy
A: frail 1, low mp 1, sense surroundings 1
a: Heroism, Finesse, Renounce Religion, Evoke Invisibility
}: 1/15 runes: serpentine


You were on level 5 of the Vaults.
You worshipped Okawaru.
Okawaru was exalted by your worship.
You were full.

You visited 7 branches of the dungeon, and saw 39 of its levels.

You collected 4998 gold pieces.
You spent 569 gold pieces at shops.

Inventory:

Hand Weapons
 i - a +6 war axe of electrocution
 A - the +4 mace of the Three Gods {vamp, rElec rF- Str+2 Stlth+}
   (You found it on level 4 of the Vaults)

   It inflicts no extra harm, but heals its wielder somewhat when it strikes a
   living foe.
   It affects your strength (+2).
   It makes you vulnerable to fire.
   It insulates you from electricity.
   It makes you more stealthy.
 R - the +5 broad axe of Sumerr (weapon) {chop, rElec rC+ rN+++ Dex-5}
   (Okawaru gifted it to you on level 3 of the Vaults)

   It inflicts extra damage upon your enemies.
   It affects your dexterity (-5).
   It protects you from cold.
   It insulates you from electricity.
   It renders you almost immune to negative energy.
 U - the +6 dire flail of Chagrin {venom, rF+}
   (Okawaru gifted it to you on level 4 of the Snake Pit)

   It poisons the flesh of those it strikes.
   It protects you from fire.
 V - a +3 vampiric broad axe
Armour
 o - a +2 cloak of invisibility (worn)
 v - the +0 hat "Zaipleu" (worn) {Regen+}
   (Okawaru gifted it to you on level 7 of the Lair of Beasts)

   It increases your rate of regeneration.
 w - the +10 plate armour "Hoeskal" (worn) {+Inv rN+ Str-2}
   (Okawaru gifted it to you on level 4 of the Lair of Beasts)

   It affects your strength (-2).
   It protects you from negative energy.
   It lets you turn invisible.
 x - the +0 cloak of the Land of Plenty {Str+4 Int+4 Slay-2, unknown}
   (You found it on level 5 of the Vaults)

   It affects your strength (+4).
   It affects your intelligence (+4).
   It affects your accuracy and damage with ranged weapons and melee attacks
   (-2).
 z - the +2 plate armour of the Equator {+Blink rElec rC+ Int-2}
   (You found it on level 4 of the Vaults)

   It affects your intelligence (-2).
   It protects you from cold.
   It insulates you from electricity.
   It lets you blink.
 E - the +2 shield of Resistance (worn) {rF+ rC+ MR+}
   (You bought it in a shop on level 3 of the Orcish Mines)

   It protects you from fire.
   It protects you from cold.
   It affects your resistance to hostile enchantments.
 N - a fire dragon hide
 P - a +0 pair of boots (worn)
 S - a +0 pair of gloves of strength (worn)
Jewellery
 t - a +5 ring of slaying
 y - a ring of protection from fire (left hand)
 B - an amulet of resist corrosion (around neck)
 H - an uncursed ring of invisibility
 J - an uncursed amulet of resist mutation
 K - an uncursed ring of see invisible
 X - the ring of Goekh (right hand) {Str+3 Dex+3}
   (You found it on level 3 of the Vaults)

   [ring of strength]

   It affects your strength (+3).
   It affects your dexterity (+3).
 Y - an uncursed amulet of rage
Wands
 a - a wand of cold (4)
 b - a wand of enslavement (17)
 r - a wand of slowing (26)
 D - a wand of heal wounds (2)
 G - a wand of digging (6)
 O - a wand of teleportation (8)
 Q - a wand of confusion (15)
 W - a wand of flame (27)
Scrolls
 f - 13 scrolls of teleportation
 h - a scroll of summoning
 m - 11 scrolls of identify
 p - 13 scrolls of remove curse
 C - 3 scrolls of fear
 F - a scroll of blinking
Potions
 d - 6 potions of might
 g - 10 potions of heal wounds
 j - 11 potions of curing
 l - a potion of cure mutation
 n - 9 potions of haste
 I - a potion of magic
 L - a potion of invisibility
 M - 3 potions of berserk rage
 T - a potion of resistance
Comestibles
 c - 7 chunks of flesh
 e - 23 bread rations
 k - 13 beef jerkies
 q - 3 slices of pizza
 s - 6 meat rations
 u - 15 fruits


   Skills:
 * Level 20.0(25.0) Fighting
 + Level 21.4(26.5) Axes
 + Level 3.7(18.1) Maces & Flails
 * Level 17.2(22.2) Armour
 + Level 22.0(27) Shields
 * Level 16.0 Invocations


You had 19 spell levels left.
You knew the following spells:

 Your Spells              Type           Power        Failure   Level  Hunger
a - Animate Skeleton      Necr           N/A          97%         1    ##.....


Dungeon Overview and Level Annotations

Branches:
Dungeon (15/15)            Temple (1/1) D:4            Lair (8/8) D:8
  Swamp (0/4) Lair:4        Snake (4/4) Lair:5        Slime (0/6) Lair:8
    Orc (4/4) D:11            Elf (2/3) Orc:4        Vaults (5/5) D:14
  Crypt (0/3) Vaults:2     Depths (0/5) D:15

Altars:
Ashenzari
Cheibriados
Dithmenos
Elyvilon
Fedhas
Gozag
Kikubaaqudgha
Makhleb
Nemelex Xobeh
Okawaru
Qazlal
Ru
Sif Muna
Trog
Vehumet
Xom
Yredelemnul
Zin
The Shining One
Beogh
Jiyva

Shops:
D:12 :   D:13 %[(:   D:15 (   Orc:3 [   Orc:4 (=(*[   Elf:1 }   Snake:2 :
Vaults:2 :   Vaults:3 %   Vaults:4 %

Annotations:
Lair:5 exclusion: oklob plant
Snake:2 exclusion: Roxanne, Roxanne


Innate Abilities, Weirdness & Mutations

You are frail (-10% HP).
Your magical capacity is low (-10% MP).
You passively map a small area around you.


Message History

* * * LOW HITPOINT WARNING * * *
The shadow dragon claws you!
* * * LOW HITPOINT WARNING * * *
You continue eating.
The ogre mage shouts!
The tentacled monstrosity tentacle-slaps you but does no damage.
The tentacled monstrosity tentacle-slaps you.
* * * LOW HITPOINT WARNING * * *
The tentacled monstrosity tentacle-slaps you but does no damage.
The tentacled monstrosity constricts you.
The shadow dragon breathes negative energy at you.
The bolt of negative energy hits you! You resist.
You block the vault warden's attack.
You continue eating.
The tentacled monstrosity tentacle-slaps you but does no damage.
You block the tentacled monstrosity's attack. x2
* * * LOW HITPOINT WARNING * * *
The tentacled monstrosity constricts you.
You block the shadow dragon's attack. The shadow dragon claws you!
You die... ,, , , , , ... , , , , ..#*## *## ** , pC.

... ... , , #u#
#.#,#.# * #c. ..#
#.. , , ,,
#u###.#.#.###,* *
#pDcDcD..... , , *
, ,#@#.#.###.#,
*,, #X#=#.pDs.# ,
, *,, #O#p#.###.#.
,
#e)§v)........D..
, *,
,#p###O#.#W###.#.#
#C. ..#.#.. , #.#
#.# #.# * * * * ,
#.p ... ... , #.#
#.#*#.#


You could see 3 shadow dragons, a tentacled monstrosity, a frost giant, 2 very
ugly things, a vault warden, 3 vault guards, a deep elf annihilator, an ettin, 3
yaktaurs and a two-headed ogre.

Vanquished Creatures
  Sojobo (Vaults:4)
  A golden dragon (Vaults:5)
  A lich (Vaults:4)
  Rupert (Lair:4)
  A quicksilver dragon (Vaults:5)
  A deep elf blademaster (Elf:2)
  2 titans (Vaults:5)
  2 ancient champions (Vaults:4)
  Agnes (D:14)
  A sphinx (Vaults:4)
  Frances (Vaults:4)
  2 shadow dragons (Vaults:5)
  Kirke (D:12)
  2 tengu reavers
  2 storm dragons
  20 greater nagas
  4 fire giants
  2 frost giants
  Wiglaf (Snake:2)
  2 orc warlords
  Maud (Lair:5)
  8 vault wardens
  Louise (Snake:1)
  9 ironheart preservers
  A war gargoyle (Vaults:5)
  2 very ugly things
  3 spriggan defenders (Vaults:4)
  4 deep elf demonologists
  5 stone giants
  2 vampire knights (Vaults:4)
  Nessos (D:15)
  4 salamander stormcallers
  Azrael (D:12)
  A deep elf annihilator (Elf:1)
  3 ettins
  4 fire dragons
  Erolcha (D:9)
  17 vault guards
  A deep elf death mage (Elf:2)
  2 deep elf high priests
  7 yaktaur captains
  2 great orbs of eyes
  Harold (Lair:3)
  11 naga warriors
  2 ice dragons
  9 centaur warriors
  6 hydras
  8 ogre magi
  16 dancing weapons
  6 anacondas
  The ghost of Blunderbuss the Nimble, a novice MfMo of Trog (D:8)
  A deep troll earth mage (D:12)
  A deep troll shaman (Vaults:3)
  A queen ant (Lair:4)
  8 naga sharpshooters
  Urug (Orc:1)
  8 death yaks
  3 orc high priests (Orc:4)
  10 shock serpents
  Sonja (D:13)
  Nergalle (Lair:3)
  3 shadow wraiths
  15 deep elf knights
  A storm dragon skeleton (Vaults:2)
  8 sea snakes (Snake:2)
  11 skeletal warriors (Vaults:2)
  11 hill giants
  A salamander mystic (Snake:4)
  3 lindwurms (Lair:8)
  6 naga ritualists
  3 wizards
  An unseen horror (shapeshifter) (Vaults:4)
  5 harpies (Vaults:4)
  2 flayed ghosts (Vaults:4)
  11 deep trolls
  12 ironbrand convokers
  A harpy (shapeshifter) (Vaults:4)
  2 necromancers
  5 unseen horrors
  3 phantasmal warriors
  3 cyclopes
  14 orc knights
  3 human zombies
  A lindwurm (shapeshifter) (Vaults:2)
  A manticore (D:15)
  8 deep elf conjurers
  7 mana vipers
  4 griffons
  4 orc sorcerers (Orc:4)
  A tengu skeleton (Vaults:2)
  4 salamanders
  38 ugly things
  2 hornets (shapeshifter)
  3 wolf spiders
  5 hornets
  4 elephants (Lair:8)
  14 guardian serpents
  Maurice (D:9)
  A stone giant skeleton (Vaults:2)
  A storm dragon simulacrum (Vaults:4)
  14 vault sentinels
  21 black mambas
  18 naga magi
  7 torpor snails (Lair:8)
  5 yaktaurs
  6 kobold demonologists
  2 yaktaur skeletons (Vaults:2)
  16 spiny frogs
  12 deep elf priests
  4 efreet
  3 fire drakes
  5 human skeletons (Vaults:2)
  2 tengu conjurers
  9 komodo dragons
  5 trolls
  23 blink frogs
  2 polar bears
  3 freezing wraiths (Vaults:4)
  A merfolk (shapeshifter) (Vaults:1)
  5 giant leeches
  2 two-headed ogres (shapeshifter)
  12 two-headed ogres
  2 trapdoor spider zombies
  A stone giant simulacrum (Vaults:2)
  6 boulder beetles
  11 slime creatures
  8 redbacks
  A raiju (shapeshifter) (Vaults:3)
  56 yaks
  A wyvern (D:12)
  A shadow (D:12)
  A trapdoor spider (D:14)
  20 deep elf magi
  6 hogs (D:12)
  5 humans (D:10)
  A wraith (D:12)
  13 hippogriffs
  Eustachio (D:4)
  9 basilisks
  2 fire elementals (D:12)
  19 deep elf fighters
  2 hungry ghosts
  20 wolves
  18 vampire mosquitoes
  45 nagas
  2 mottled dragons
  2 swamp worms (Lair:4)
  8 wargs
  5 soldier ants (Lair:4)
  5 sky beasts
  9 porcupines
  17 water moccasins
  A deep troll skeleton (Vaults:2)
  5 hell hounds (D:12)
  A water moccasin (shapeshifter) (D:12)
  5 wasps
  7 ice beasts
  35 orc warriors
  5 phantoms
  3 eyes of draining
  A black bear (D:12)
  30 ogres
  4 boggarts (Vaults:2)
  2 elf skeletons
  19 centaurs
  20 crocodiles
  3 brain worms (Lair:8)
  26 giant frogs
  2 big kobolds
  A gnoll sergeant (D:8)
  A water moccasin skeleton (D:9)
  3 jellies
  6 scorpions
  21 killer bees
  A vampire bat (D:3)
  10 electric eels
  6 crimson imps
  28 wights
  A wasp zombie (D:9)
  4 centaur zombies
  6 centaur skeletons
  Ijyb (D:2)
  6 hounds
  8 iguanas
  3 giant frog zombies
  31 orc wizards
  A giant frog skeleton (D:4)
  22 orc priests
  24 worker ants
  A killer bee zombie (D:7)
  16 sheep
  2 hound skeletons (D:5)
  A hound zombie (D:5)
  A worker ant zombie (D:9)
  2 gnolls
  20 adders
  75 river rats
  2 shadow imps (D:8)
  An adder skeleton (D:7)
  16 worms (Lair:8)
  3 fire bats (D:3)
  5 giant geckos
  171 orcs
  2 spectral bats (D:3)
  A ball python (Snake:2)
  A bat simulacrum (D:3)
  3 bat skeletons (D:3)
  A bat zombie (D:3)
  4 giant cockroaches
  3 hobgoblins
  11 jackals (D:3)
  12 quokkas
  19 bats
  2 giant gecko skeletons
  A giant gecko zombie (D:6)
  2 giant newts
  11 goblins
  14 kobolds
  5 rats
  2 crawling corpses (Vaults:2)
  2 fire vortices
  13 fungi
  5 plants
1704 creatures vanquished.

Vanquished Creatures (others)
  A deep elf sorcerer (Vaults:3)
  A war gargoyle (Vaults:5)
  A yaktaur captain (Vaults:5)
  A vault guard (Vaults:5)
  A naga warrior (Snake:4)
  An orc knight (Orc:4)
  A griffon (D:15)
  A guardian serpent (Snake:4)
  A vault sentinel (Vaults:3)
  A troll (D:15)
  A yaktaur (Vaults:5)
  A freezing wraith (Vaults:5)
  A shadow (D:15)
  2 deep elf fighters (Vaults:3)
  2 orc warriors (Orc:4)
  An orc wizard (Orc:4)
  2 fire vortices (Vaults:3)
  2 fungi (Lair:2)
  12 plants
34 creatures vanquished.

Grand Total: 1738 creatures vanquished

Notes
Turn   | Place    | Note
--------------------------------------------------------------
     0 | D:1      | fornasd the Hill Orc Fighter began the quest for the Orb.
     0 | D:1      | Reached XP level 1. HP: 19/19 MP: 1/1
   112 | D:1      | Reached skill level 4 in Fighting
   356 | D:1      | Reached XP level 2. HP: 22/27 MP: 2/2
   799 | D:1      | Reached XP level 3. HP: 14/34 MP: 3/3
  1224 | D:2      | Noticed Ijyb
  1238 | D:2      | Killed Ijyb
  1238 | D:2      | Reached XP level 4. HP: 32/41 MP: 4/4
  1601 | D:3      | Reached skill level 5 in Fighting
  1637 | D:3      | Reached skill level 5 in Axes
  1711 | D:3      | Reached XP level 5. HP: 48/48 MP: 5/5
  1748 | D:3      | Reached skill level 6 in Axes
  1755 | D:3      | Reached XP level 6. HP: 51/56 MP: 6/6
  2210 | D:4      | Found a staircase to the Ecumenical Temple.
  2212 | D:4      | Noticed Eustachio
  2216 | Temple   | Entered the Ecumenical Temple
  2285 | Temple   | Became a worshipper of Warmaster Okawaru
  2481 | D:2      | Found an ancient bone altar of Kikubaaqudgha.
  2982 | D:4      | Killed Eustachio
  2982 | D:4      | Reached skill level 7 in Axes
  2982 | D:4      | Reached skill level 1 in Invocations
  2982 | D:4      | Reached XP level 7. HP: 50/61 MP: 6/8
  3163 | D:4      | Found a deep blue altar of Sif Muna.
  3163 | D:4      | Found a blossoming altar of Fedhas.
  3163 | D:4      | Found a burning altar of Makhleb.
  3285 | D:4      | Found a basalt altar of Yredelemnul.
  3327 | D:4      | Reached * piety under Okawaru
  3352 | D:4      | Found a shimmering altar of Xom.
  3476 | D:4      | Reached skill level 8 in Axes
  3738 | D:4      | Reached XP level 8. HP: 67/70 MP: 10/10
  3775 | D:5      | Entered Level 5 of the Dungeon
  4067 | D:5      | Reached skill level 5 in Armour
  4067 | D:5      | Reached skill level 5 in Shields
  4281 | D:5      | Found a snail-covered altar of Cheibriados.
  4517 | D:5      | Reached ** piety under Okawaru
  4531 | D:5      | Reached skill level 9 in Axes
  5290 | D:6      | Reached XP level 9. HP: 74/79 MP: 12/12
  5796 | D:7      | Reached skill level 5 in Invocations
  5848 | D:7      | Noticed a hill giant
  5861 | D:7      | Killed a hill giant
  6210 | D:7      | Reached skill level 10 in Axes
  6452 | D:7      | Reached XP level 10. HP: 66/90 MP: 14/14
  6910 | D:8      | Noticed Blunderbuss's ghost (novice MfMo)
  6958 | D:8      | Killed Blunderbuss's ghost
  6958 | D:8      | Reached *** piety under Okawaru
  7439 | D:8      | Found a staircase to the Lair.
  7488 | D:8      | Reached skill level 11 in Axes
  7750 | D:8      | Reached skill level 10 in Fighting
  7968 | D:9      | Reached **** piety under Okawaru
  8211 | D:9      | Received a gift from Okawaru
  8270 | D:9      | Reached XP level 11. HP: 88/101 MP: 16/16
  8572 | D:9      | Noticed Erolcha
  8583 | D:9      | Killed Erolcha
  8715 | D:9      | Noticed Maurice
  8751 | D:9      | Killed Maurice
  8973 | D:9      | Found a blossoming altar of Fedhas.
  9106 | D:10     | Entered Level 10 of the Dungeon
  9136 | D:10     | Reached skill level 12 in Axes
  9742 | D:10     | Noticed a hill giant
  9754 | D:10     | Killed a hill giant
 10204 | D:10     | Reached skill level 13 in Axes
 10462 | D:11     | Reached ***** piety under Okawaru
 10554 | D:11     | Found a staircase to the Orcish Mines.
 10584 | D:11     | Reached XP level 12. HP: 86/112 MP: 18/18
 10744 | D:11     | Learned a level 1 spell: Animate Skeleton
 11008 | D:11     | Noticed a hill giant
 11021 | D:11     | Killed a hill giant
 11682 | Lair:1   | Entered Level 1 of the Lair of Beasts
 12180 | Lair:1   | Reached skill level 14 in Axes
 12420 | Lair:1   | Received a gift from Okawaru
 13233 | Lair:2   | Reached skill level 10 in Shields
 13477 | Lair:2   | Noticed a six-headed hydra
 13485 | Lair:2   | Killed a six-headed hydra
 13741 | Lair:2   | Noticed a six-headed hydra
 13751 | Lair:2   | Killed a six-headed hydra
 14373 | Lair:3   | Noticed Harold
 14394 | Lair:3   | Killed Harold
 15055 | Lair:3   | Reached skill level 10 in Armour
 15057 | Lair:3   | Reached skill level 1 in Maces & Flails
 15057 | Lair:3   | Reached XP level 13. HP: 111/119 MP: 18/20
 15331 | Lair:4   | Noticed Nergalle
 15344 | Lair:3   | Killed Nergalle
 15344 | Lair:3   | Received a gift from Okawaru
 15508 | Lair:4   | Reached skill level 15 in Axes
 16121 | Lair:4   | Received a gift from Okawaru
 16125 | Lair:4   | Got a bloodstained plate armour {god gift}
 16136 | Lair:4   | Identified the +10 plate armour "Hoeskal" {+Inv rN+ Str-2} (Okawaru gifted it to you on level 4 of the Lair of Beasts)
 16169 | Lair:4   | Noticed Rupert
 16186 | Lair:4   | Killed Rupert
 16409 | Lair:4   | Found a staircase to the Swamp.
 16420 | Lair:4   | Reached skill level 10 in Invocations
 16729 | Lair:4   | Reached skill level 16 in Axes
 17402 | Lair:5   | Noticed Maud
 17420 | Lair:5   | Killed Maud
 17547 | Lair:5   | Found a staircase to the Snake Pit.
 17928 | Lair:5   | Reached XP level 14. HP: 130/130 MP: 21/21
 19172 | Lair:7   | Reached skill level 17 in Axes
 19254 | Lair:7   | Received a gift from Okawaru
 19257 | Lair:7   | Got a pitted hat {god gift}
 19268 | Lair:7   | Identified the +0 hat "Zaipleu" {Regen+} (Okawaru gifted it to you on level 7 of the Lair of Beasts)
 19722 | Lair:8   | Entered Level 8 of the Lair of Beasts
 19844 | Lair:8   | Found a viscous altar of Jiyva.
 19844 | Lair:8   | Found a staircase to the Slime Pits.
 20303 | Lair:8   | Found a runed door.
 20370 | Lair:8   | Reached skill level 18 in Axes
 20436 | Lair:8   | Received a gift from Okawaru
 20814 | Lair:8   | Reached XP level 15. HP: 102/139 MP: 20/23
 20854 | Lair:8   | Reached skill level 15 in Fighting
 21848 | D:12     | Found Zyehiuq's Book Shoppe.
 21862 | D:12     | Noticed Kirke
 22061 | D:13     | Found Weloa's Antique Armour Boutique.
 22104 | D:13     | Bought a runed cloak for 76 gold pieces
 22122 | D:13     | Found Hiugidi's Food Emporium.
 22219 | D:13     | Found Puzeawib's Antique Weapon Shop.
 22235 | D:13     | Noticed Sonja
 22324 | D:13     | Killed Sonja
 22494 | D:13     | Found Xixal's Book Shoppe.
 22820 | D:12     | Killed Kirke
 22820 | D:12     | Received a gift from Okawaru
 23052 | D:12     | Identified a scroll of acquirement
 23163 | D:12     | Noticed Azrael
 23214 | D:12     | Killed Azrael
 23280 | D:12     | Found a runed door.
 23297 | D:12     | Found a runed door.
 23359 | D:12     | Noticed a frost giant
 23390 | D:12     | Killed a frost giant
 23815 | D:11     | Noticed an unseen horror
 23819 | D:11     | Killed an unseen horror
 23826 | Orc:1    | Entered Level 1 of the Orcish Mines
 23846 | Orc:1    | Noticed Urug
 23873 | Orc:1    | Killed Urug
 23970 | Orc:1    | Found a frozen archway.
 24310 | Orc:2    | Found a roughly hewn altar of Beogh.
 24917 | Orc:3    | Found Boxair's Armour Boutique.
 24932 | Orc:3    | Bought the +2 shield of Resistance {rF+ rC+ MR+} for 493 gold pieces
 25118 | Orc:3    | Found a roughly hewn altar of Beogh.
 25231 | Orc:4    | Entered Level 4 of the Orcish Mines
 25447 | Orc:4    | Found a staircase to the Elven Halls.
 25643 | Orc:4    | Found Ufustuxe's Antique Weapon Shop.
 25825 | Orc:4    | Reached skill level 15 in Shields
 25825 | Orc:4    | Reached XP level 16. HP: 149/149 MP: 22/25
 25850 | Orc:4    | Received a gift from Okawaru
 25858 | Orc:4    | Got a smoking battleaxe {god gift}
 26042 | Orc:4    | Found Puah's Antique Armour Emporium.
 26043 | Orc:4    | Found Erphaacw's Antique Weapon Emporium.
 26045 | Orc:4    | Found Ucawanar's General Store.
 26045 | Orc:4    | Found Waowai's Jewellery Shoppe.
 26234 | Elf:1    | Entered Level 1 of the Elven Halls
 26473 | Elf:1    | Got a wavering tin amulet
 26475 | Elf:1    | Identified the amulet of Daffodils {+Rage rElec rPois} (You acquired it on level 1 of the Elven Halls)
 26681 | Elf:1    | Found Ycsyuh's Gadget Emporium.
 26798 | Elf:1    | Received a gift from Okawaru
 27230 | Elf:2    | Found a huge runed gate.
 27230 | Elf:2    | Found a huge runed gate.
 27230 | Elf:2    | Found a huge runed gate.
 27230 | Elf:2    | Found a huge runed gate.
 27232 | Elf:2    | Found a huge runed gate.
 27813 | Elf:2    | Noticed a deep elf blademaster
 27833 | Elf:2    | Killed a deep elf blademaster
 28102 | Elf:2    | Received a gift from Okawaru
 28115 | Elf:2    | Reached XP level 17. HP: 156/156 MP: 26/26
 28615 | D:14     | Noticed Agnes
 28629 | D:14     | Killed Agnes
 29137 | D:14     | Reached ****** piety under Okawaru
 29138 | D:14     | Found a gate to the Vaults.
 29517 | D:15     | Entered Level 15 of the Dungeon
 29522 | D:15     | Noticed Nessos
 29548 | D:15     | Killed Nessos
 29683 | D:15     | Found a staircase to the Depths.
 30204 | D:15     | Gained mutation: You occasionally shout uncontrollably at your foes. [mutagenic meat]
 30387 | Lair:1   | Lost mutation: You occasionally shout uncontrollably at your foes. [potion of cure mutation]
 30388 | Lair:1   | Gained mutation: You are partially covered in icy blue scales (AC +1). [mutagenic meat]
 30389 | Lair:1   | Gained mutation: You have an increased reservoir of magic (+10% MP). [mutagenic meat]
 30390 | Lair:1   | Gained mutation: You occasionally shout uncontrollably at your foes. [mutagenic meat]
 30391 | Lair:1   | Gained mutation: You are robust (+10% HP). [mutagenic meat]
 30545 | D:15     | Found Sur Inn's Weapon Shop.
 30727 | D:15     | Received a gift from Okawaru
 30728 | D:15     | Got a ruby-encrusted chain mail {god gift}
 30739 | D:15     | Identified the +1 chain mail of the Louse {rC++ Regen+ MP+9 Stlth-} (Okawaru gifted it to you on level 15 of the Dungeon)
 31113 | Lair:5   | Reached skill level 19 in Shields
 31147 | Snake:1  | Entered Level 1 of the Snake Pit
 31147 | Snake:1  | Noticed Louise
 31168 | Snake:1  | Killed Louise
 32141 | Snake:2  | Noticed Roxanne
 32625 | Snake:2  | Noticed Wiglaf
 32656 | Snake:2  | Killed Wiglaf
 32848 | Snake:2  | Reached skill level 20 in Shields
 32848 | Snake:2  | Reached XP level 18. HP: 145/179 MP: 22/30
 32998 | Snake:2  | Received a gift from Okawaru
 33086 | Snake:2  | Found Xiorot's Book Emporium.
 34064 | Snake:4  | Entered Level 4 of the Snake Pit
 34369 | Snake:4  | Reached skill level 15 in Armour
 34409 | Snake:4  | Received a gift from Okawaru
 34411 | Snake:4  | Got a polished dire flail {god gift}
 34412 | Snake:4  | Identified the +6 dire flail of Chagrin {venom, rF+} (Okawaru gifted it to you on level 4 of the Snake Pit)
 34771 | Snake:4  | Received a gift from Okawaru
 34903 | Snake:4  | Reached XP level 19. HP: 191/191 MP: 31/31
 35174 | Snake:4  | Reached skill level 21 in Shields
 35233 | Snake:4  | Got a serpentine rune of Zot
 35838 | Lair:1   | Lost mutation: You are robust (+10% HP). [potion of cure mutation]
 35838 | Lair:1   | Lost mutation: You occasionally shout uncontrollably at your foes. [potion of cure mutation]
 35838 | Lair:1   | Lost mutation: You are partially covered in icy blue scales (AC +1). [potion of cure mutation]
 35838 | Lair:1   | Lost mutation: You have an increased reservoir of magic (+10% MP). [potion of cure mutation]
 35839 | Lair:1   | Gained mutation: You passively map a small area around you. [potion of beneficial mutation]
 36007 | Vaults:1 | Entered Level 1 of the Vaults
 36202 | Vaults:1 | Gained mutation: You are frail (-10% HP). [a shining eye]
 36204 | Vaults:1 | Gained mutation: Your magical capacity is low (-10% MP). [a shining eye]
 37194 | Vaults:1 | Got a bloodstained plate armour
 37195 | Vaults:1 | Identified the +1 plate armour of Boredom {MR++ Int-4 Dex+7} (You found it on level 1 of the Vaults)
 37373 | Vaults:2 | Received a gift from Okawaru
 37375 | Vaults:2 | Got a pair of faintly glowing boots {god gift}
 37381 | Vaults:2 | Identified the +0 pair of boots of Refuge {rN+ MP+9 Str-5} (Okawaru gifted it to you on level 2 of the Vaults)
 37516 | Vaults:2 | Found Jemifriq's Book Emporium.
 37728 | Vaults:2 | Reached XP level 20. HP: 98/168 MP: 27/27
 38380 | Vaults:2 | Received a gift from Okawaru
 38387 | Vaults:2 | Found a staircase to the Crypt.
 39018 | Vaults:3 | Received a gift from Okawaru
 39026 | Vaults:3 | Got a dazzling broad axe {god gift}
 39027 | Vaults:3 | Identified the +5 broad axe of Sumerr {chop, rElec rC+ rN+++ Dex-5} (Okawaru gifted it to you on level 3 of the Vaults)
 39058 | Vaults:3 | Got a fine glass ring
 39064 | Vaults:3 | Identified the ring of Goekh {Str+3 Dex+3} (You found it on level 3 of the Vaults)
 39099 | Vaults:3 | Found Ohui's Food Shoppe.
 39239 | Vaults:3 | Paralysed by a hornet for 4 turns
 40037 | Vaults:4 | Received a gift from Okawaru
 40299 | Vaults:4 | Reached skill level 15 in Invocations
 40477 | Vaults:4 | Reached XP level 21. HP: 61/178 MP: 29/29
 40496 | Vaults:4 | Received a gift from Okawaru
 40594 | Vaults:4 | Got an ichor-stained plate armour
 40596 | Vaults:4 | Identified the +2 plate armour of the Equator {+Blink rElec rC+ Int-2} (You found it on level 4 of the Vaults)
 40624 | Vaults:4 | Got an ichor-stained mace
 40625 | Vaults:4 | Identified the +4 mace of the Three Gods {vamp, rElec rF- Str+2 Stlth+} (You found it on level 4 of the Vaults)
 40839 | Vaults:4 | Noticed Frances
 40839 | Vaults:4 | Noticed Sojobo
 40848 | Vaults:4 | Killed Frances
 40849 | Vaults:4 | Received a gift from Okawaru
 40873 | Vaults:4 | Killed Sojobo
 41455 | Vaults:4 | Found Ugur's Food Emporium.
 41746 | Vaults:5 | Entered Level 5 of the Vaults
 41834 | Vaults:5 | Got a translucent cloak
 41849 | Vaults:5 | Noticed a golden dragon
 41886 | Vaults:5 | Killed a golden dragon
 41896 | Vaults:5 | Reached skill level 22 in Shields
 41920 | Vaults:5 | Received a gift from Okawaru
 41983 | Vaults:5 | HP: 9/180 [shadow dragon (8)]
 41985 | Vaults:5 | Slain by a shadow dragon

Action                   |  1- 3 |  4- 6 |  7- 9 | 10-12 | 13-15 | 16-18 | 19-21 || total
-------------------------+-------+-------+-------+-------+-------+-------+-------++-------
Melee: War axe           |    79 |   194 |   340 |   615 |       |   138 |       ||  1366
       Broad axe         |       |       |       |   126 |  1282 |  1337 |  1617 ||  4362
       Morningstar       |       |       |       |    14 |    82 |     8 |       ||   104
       Unarmed           |       |       |       |       |     8 |       |       ||     8
Invok: Heroism           |       |       |     8 |    23 |    20 |     7 |     7 ||    65
       Finesse           |       |       |       |     1 |     5 |     1 |     3 ||    10
Evoke: Wand              |       |       |       |       |     4 |     2 |       ||     6
  Use: Scroll            |       |       |    14 |     1 |    23 |     8 |     5 ||    51
       Potion            |       |       |       |       |     1 |     2 |     8 ||    11
 Stab: Sleeping          |       |       |       |       |     1 |       |       ||     1
  Eat: Chunk             |     1 |     6 |     9 |    14 |    23 |    28 |    23 ||   104
       Fruit             |       |       |     1 |     4 |    14 |     8 |     2 ||    29
       Royal jelly       |       |       |     1 |     1 |       |       |       ||     2
       Meat ration       |       |       |       |     2 |     2 |     1 |     1 ||     6
       Pizza             |       |       |       |       |     4 |     1 |       ||     5
       Bread ration      |       |       |       |       |     1 |       |       ||     1
